 Dungeon Sprint DCSS version bcrawl-1.17.3 (webtiles) character file.

Game seed: 5995414917807134443

51503 Freyura the Shatterer (level 14, -3/104 HPs)
             Began as a Gargoyle Fighter on Oct 21, 2019.
             Was the Champion of the Shining One.
             Killed by Lee's Rapid Deconstruction
             ... invoked by a deep troll earth mage
              (25 damage)
             ... in the Dungeon (Sprint IX: "|||||||||||||||||||||||||||||") on Oct 22, 2019.
             The game lasted 00:27:20 (4045 turns).

Freyura the Shatterer (Gargoyle Fighter)            Turns: 4045, Time: 00:27:20

Health: -3/104     AC: 50    Str: 20    XL:     14   Next: 59%
Magic:  21/24      EV: 10    Int: 10    God:    the Shining One [******]
Gold:   1954       SH: 27    Dex: 16    Spells: 13/13 levels left

rFire    . . .     SeeInvis +   n - +2 morningstar (protect)
rCold    . . .     Gourm    .   c - +0 shield
rNeg     + + +     Faith    .   A - +0 shadow dragon scales
rPois    ∞         Spirit   .   B - +2 helmet {SInv}
rElec    +         Reflect  .   o - +0 cloak
rCorr    .         Harm     .   z - +2 pair of gloves {Dex+3}
MR       ++...     NoTele   +   p - +2 pair of boots
Stlth    +.........             (no amulet)
HPRegen  0.27/turn              s - +2 ring of evasion
MPRegen  0.19/turn              t - ring of protection from magic

@: divine shield, protection aura, glowing
A: big wings, negative energy resistance 1, electricity resistance, unbreathing,
petrification resistance, rot immunity, AC +10
a: Fly, Divine Shield, Cleansing Flame, Summon Divine Warrior, Brand Weapon With
Holy Wrath, Renounce Religion


You were in the Dungeon.
You worshipped the Shining One.
The Shining One was exalted by your worship.
You were not hungry.

You visited 1 branch You collected 1954 gold pieces.

Inventory:

Hand Weapons
 n - a +2 morningstar of protection (weapon)
Armour
 c - a +0 shield (worn)
 o - a +0 cloak (worn)
 p - a +2 pair of boots (worn)
 z - a +2 pair of gloves of dexterity (worn)
 A - +0 shadow dragon scales (worn)
 B - a +2 helmet of see invisible (worn)
 C - the +3 shield "Gyaqionu" {rN+ Dex+7}
   (You took it off Donald in the Dungeon)

   It affects your dexterity (+7).
   It protects you from negative energy.
Jewellery
 s - a +2 ring of evasion (left hand)
 t - a ring of protection from magic (right hand)
 u - an uncursed ring of protection from fire
 x - an uncursed ring of protection from magic
 y - an uncursed ring of fire
Wands
 m - a wand of iceblast (7)
Scrolls
 d - 3 scrolls of remove curse
 j - 2 scrolls of fog
 k - 4 scrolls of blinking
 l - 2 scrolls of amnesia
 q - 2 scrolls of enchant weapon
 r - 2 scrolls of identify
 v - a scroll of enchant armour
Potions
 a - 2 potions of brilliance
 b - 4 potions of mutation
 e - 9 potions of curing
 h - a potion of haste
 i - 4 potions of magic
Comestibles
 f - 9 rations {!d}


   Skills:
 + Level 18.1 Fighting
 * Level 22.2 Maces & Flails
 + Level 18.0 Armour
 + Level 18.1 Shields
 + Level 14.5 Invocations


You had 13 spell levels left.
You didn't know any spells.
Your spell library was empty.

Dungeon Overview and Level Annotations

Branches:
Dungeon (1/1)

Altars:
Cheibriados
Dithmenos
Elyvilon
Fedhas
Gozag
Hepliaklqana
Kikubaaqudgha
Lugonu
Makhleb
Nemelex Xobeh
Okawaru
Qazlal
Ru
Sif Muna
Trog
Uskayaw
Vehumet
Wu Jian
Xom
Yredelemnul
Zin
The Shining One
Beogh
Jiyva

Shops:
D (:[:


Innate Abilities, Weirdness & Mutations

You are resistant to torment.
Your stone body is resilient. (AC +10)
You are immune to poison.
Your large and strong wings let you fly indefinitely.
You resist negative energy. (rN+)
You are resistant to electric shocks. (rElec)
You can survive without breathing.
You are immune to petrification.
You are immune to rotting.


Message History

The deep elf high priest invokes the aid of its god against you.
Something smites you!
* * * LOW HITPOINT WARNING * * *
You puncture the fire dragon!
The fire dragon is almost dead.
You hit the fire dragon.
The fire dragon is almost dead.
The deep troll earth mage seems less brilliant.
You block the fire dragon's attack. The fire dragon claws you.
* * * LOW HITPOINT WARNING * * *
The fire dragon tramples you but does no damage.
The deep troll earth mage is empowered by the deep elf high priest's aura!
You bludgeon the fire dragon!!
You kill the fire dragon!
Okay, then.
Your shield is strengthened by the Shining One's divine power.
You feel slightly more hungry.
The deep troll earth mage casts a spell at you.
You shatter!!
You die...

▓▓▓▓▓▓▓▓▓▓▓▓▓▓▓▓▓▓▓▓▓▓▓▓
.DTJec)@................
▓▓▓▓▓▓▓▓▓▓▓▓▓▓▓▓▓▓▓▓▓▓▓▓▓▓▓▓▓▓▓▓.
...................).............
▓▓▓▓▓▓▓▓♣♣♣♣♣♣♣♣♣♣▓▓▓▓▓▓▓▓▓▓▓▓▓▓▓
.())).÷'.........')....††........
▓▓▓▓▓▓▓▓♣♣♣♣♣♣♣♣♣♣▓▓▓▓▓▓▓▓▓▓▓▓▓▓.
.....)...........................
▓▓▓▓▓▓▓▓▓▓▓▓▓▓▓▓▓▓▓▓▓▓▓▓▓▓▓▓▓▓▓▓▓
.[[[[[.[..))))))))...=.'.........


You could see an iron dragon, a slime creature, a deep elf high priest, a deep
troll earth mage and a yaktaur.

Vanquished Creatures
  Rupert (D)
  Kirke (D)
  Donald (D)
  2 emperor scorpions (D)
  A very ugly thing (D)
  3 stone giants (D)
  A vampire knight (D)
  A dire elephant (D)
  3 spark wasps (D)
  An ettin (D)
  A fire dragon (D)
  A great orb of eyes (D)
  A catoblepas (D)
  5 hydras (D)
  Erolcha (D)
  A death knight (D)
  An alligator (D)
  A two-headed ogre (D)
  A shambling mangrove (D)
  A satyr (D)
  An ogre mage (D)
  A deep troll shaman (D)
  A death yak (D)
  A naga sharpshooter (D)
  A spriggan berserker (D)
  Nergalle (D)
  A swamp dragon (D)
  An orc knight (D)
  3 cyclopes (D)
  An ugly thing (D)
  2 salamanders (D)
  2 orb spiders (D)
  5 orc sorcerers (D)
  A manticore (D)
  9 elephants (D)
  A naga mage (D)
  4 black mambas (D)
  A demonic crawler (D)
  A komodo dragon (D)
  A merfolk (D)
  A jumping spider (D)
  A bog body (D)
  2 hornets (D)
  3 hippogriffs (D)
  A vampire (D)
  A wraith (D)
  A spriggan (D)
  3 redbacks (D)
  2 hogs (D)
  5 yaks (D)
  A human (shapeshifter) (D)
  Eustachio (D)
  A naga (D)
  An acid dragon (D)
  3 water moccasins (D)
  A porcupine (D)
  13 orc warriors (D)
  An eye of draining (D)
  An ice beast (D)
  A black bear (D)
  An ogre (D)
  A crocodile (D)
  2 bullfrogs (D)
  A scorpion (D)
  5 orc priests (D)
  10 orc wizards (D)
  A worker ant (D)
  5 orcs (D)
  2 ball pythons (D)
  A goblin (D)
  A frilled lizard (D)
  A leopard gecko simulacrum (D)
  2 leopard gecko skeletons (D)
  A quokka zombie (D)
  2 rats (D)
148 creatures vanquished.

Vanquished Creatures (collateral kills)
  A tentacled monstrosity (D)
  A stone giant (D)
  A merfolk impaler (D)
  A great orb of eyes (D)
  A hydra (D)
  An alligator snapping turtle (D)
  A tengu warrior (D)
  A satyr (D)
  A spriggan (D)
  A spriggan druid (D)
  A bog body (D)
  A hornet (D)
  A snapping turtle (D)
  A redback (D)
  A hog (D)
15 creatures vanquished.

Grand Total: 163 creatures vanquished

Notes
Turn   | Place    | Note
-------+----------+-------------------------------------------
     0 | D        | Freyura the Gargoyle Fighter began the quest for the Orb.
     0 | D        | Reached XP level 1. HP: 14/14 MP: 1/1
    28 | D        | Noticed an ice beast
    28 | D        | Noticed a scorpion
    33 | D        | Killed a scorpion
    33 | D        | Reached skill level 4 in Maces & Flails
    33 | D        | Reached XP level 2. HP: 11/20 MP: 2/2
    33 | D        | Reached XP level 3. HP: 14/25 MP: 3/3
    39 | D        | Reached skill level 5 in Maces & Flails
    42 | D        | Reached XP level 4. HP: 18/30 MP: 4/4
    49 | D        | Killed an ice beast
    49 | D        | Reached skill level 5 in Fighting
    49 | D        | Reached skill level 6 in Maces & Flails
    49 | D        | Reached skill level 5 in Armour
    49 | D        | Reached skill level 5 in Shields
    49 | D        | Reached XP level 5. HP: 23/36 MP: 5/5
   145 | D        | Found a roughly hewn altar of Beogh.
   145 | D        | Found a snail-covered altar of Cheibriados.
   145 | D        | Found a shadowy altar of Dithmenos.
   145 | D        | Found a white marble altar of Elyvilon.
   145 | D        | Found a blossoming altar of Fedhas.
   145 | D        | Found an opulent altar of Gozag.
   146 | D        | Found a hazy altar of Hepliaklqana.
   147 | D        | Found a viscous altar of Jiyva.
   148 | D        | Found an ancient bone altar of Kikubaaqudgha.
   149 | D        | Found a corrupted altar of Lugonu.
   150 | D        | Found a burning altar of Makhleb.
   151 | D        | Found a sparkling altar of Nemelex Xobeh.
   152 | D        | Found an iron altar of Okawaru.
   153 | D        | Found a stormy altar of Qazlal.
   154 | D        | Found a sacrificial altar of Ru.
   155 | D        | Found a shimmering blue altar of Sif Muna.
   156 | D        | Found a bloodstained altar of Trog.
   157 | D        | Found a hide-covered altar of Uskayaw.
   158 | D        | Found a radiant altar of Vehumet.
   159 | D        | Found an ornate altar of the Wu Jian Council.
   160 | D        | Found a shimmering altar of Xom.
   161 | D        | Found a basalt altar of Yredelemnul.
   162 | D        | Found a glowing silver altar of Zin.
   163 | D        | Found a glowing golden altar of the Shining One.
   171 | D        | Became a worshipper of the Shining One
   217 | D        | Noticed a catoblepas
   217 | D        | Noticed a cyclops
   217 | D        | Noticed a vampire
   217 | D        | Reached * piety under the Shining One
   217 | D        | Noticed a death knight
   217 | D        | Noticed a two-headed ogre
   217 | D        | Reached ** piety under the Shining One
   229 | D        | Killed a two-headed ogre
   229 | D        | Reached skill level 10 in Maces & Flails
   229 | D        | Reached XP level 6. HP: 17/45 MP: 6/6
   229 | D        | Reached XP level 7. HP: 19/50 MP: 7/7
   245 | D        | Killed a death knight
   245 | D        | Reached skill level 12 in Maces & Flails
   245 | D        | Reached XP level 8. HP: 57/57 MP: 8/8
   249 | D        | Killed a vampire
   249 | D        | Reached skill level 10 in Fighting
   249 | D        | Reached skill level 10 in Armour
   249 | D        | Reached skill level 10 in Shields
   259 | D        | Killed a cyclops
   259 | D        | Reached XP level 9. HP: 30/63 MP: 9/9
   270 | D        | Killed a catoblepas
   270 | D        | Reached skill level 13 in Maces & Flails
   470 | D        | Reached *** piety under the Shining One
   493 | D        | Reached **** piety under the Shining One
   696 | D        | Reached ***** piety under the Shining One
   699 | D        | Reached skill level 14 in Maces & Flails
   699 | D        | Reached XP level 10. HP: 67/70 MP: 10/10
   740 | D        | Noticed a death yak
   740 | D        | Noticed an elephant
   743 | D        | Noticed an elephant
   746 | D        | Killed an elephant
   746 | D        | Reached skill level 1 in Invocations
   754 | D        | Killed a death yak
   754 | D        | Reached skill level 15 in Maces & Flails
   757 | D        | Noticed a seven-headed hydra
   777 | D        | Killed an elephant
   790 | D        | Killed a seven-headed hydra
   790 | D        | Reached XP level 11. HP: 56/77 MP: 12/14
   877 | D        | Noticed a dire elephant
   877 | D        | Reached ****** piety under the Shining One
   885 | D        | Reached skill level 5 in Invocations
   902 | D        | Killed a dire elephant
   902 | D        | Reached skill level 16 in Maces & Flails
  1057 | D        | Noticed Eustachio
  1064 | D        | Killed Eustachio
  1299 | D        | Noticed an orc knight
  1321 | D        | Killed an orc knight
  1321 | D        | Reached skill level 17 in Maces & Flails
  1556 | D        | Found Simil's Book Boutique.
  1556 | D        | Noticed an orc sorcerer
  1556 | D        | Noticed an orc sorcerer
  1556 | D        | Noticed an orc sorcerer
  1556 | D        | Noticed an orc sorcerer
  1561 | D        | Killed an orc sorcerer
  1563 | D        | Paralysed by an orc sorcerer for 4 turns
  1571 | D        | Killed an orc sorcerer
  1571 | D        | Reached XP level 12. HP: 81/85 MP: 14/18
  1584 | D        | Found Sathrebat's Antique Armour Shop.
  1591 | D        | Found Kehuv's Book Boutique.
  1594 | D        | Found Diocaqa's Weapon Shop.
  1837 | D        | Noticed an eight-headed hydra
  1837 | D        | Noticed an ogre mage
  1860 | D        | Killed an ogre mage
  1865 | D        | Killed an eight-headed hydra
  1865 | D        | Reached skill level 18 in Maces & Flails
  1883 | D        | Noticed a stone giant
  1885 | D        | Noticed a stone giant
  1886 | D        | Noticed a vampire knight
  1887 | D        | Noticed a stone giant
  1888 | D        | Noticed a spark wasp
  1890 | D        | Noticed an ettin
  1900 | D        | Noticed a great orb of eyes
  1901 | D        | Killed a stone giant
  1913 | D        | Killed a stone giant
  1913 | D        | Reached skill level 15 in Fighting
  1913 | D        | Reached skill level 15 in Shields
  1921 | D        | Killed a vampire knight
  1921 | D        | Reached skill level 15 in Armour
  1921 | D        | Reached skill level 10 in Invocations
  1931 | D        | Killed a stone giant
  1938 | D        | Killed a spark wasp
  1946 | D        | Killed an ettin
  1946 | D        | Reached skill level 19 in Maces & Flails
  1957 | D        | Killed a great orb of eyes
  1957 | D        | Reached XP level 13. HP: 39/92 MP: 14/21
  2185 | D        | Noticed Nergalle
  2194 | D        | Killed Nergalle
  2219 | D        | Identified the +3 shield "Gyaqionu" {rN+ Dex+7}
  2219 | D        | Noticed Donald
  2261 | D        | Killed Donald
  2429 | D        | The Shining One protects you from harm!
  2442 | D        | Noticed an emperor scorpion
  2470 | D        | Killed an emperor scorpion
  2477 | D        | Reached skill level 20 in Maces & Flails
  2576 | D        | Noticed an emperor scorpion
  2610 | D        | Killed an emperor scorpion
  2956 | D        | Noticed a merfolk impaler
  3007 | D        | Killed a merfolk impaler
  3350 | D        | Noticed a spark wasp
  3350 | D        | Noticed a spark wasp
  3376 | D        | Killed a spark wasp
  3391 | D        | Killed a spark wasp
  3391 | D        | Reached skill level 21 in Maces & Flails
  3391 | D        | Gained mutation: Your large and strong wings let you fly
                  | indefinitely. [Gargoyle growth]
  3391 | D        | Reached XP level 14. HP: 46/102 MP: 23/23
  3785 | D        | Noticed Kirke
  3792 | D        | Noticed Erolcha
  3806 | D        | Killed Kirke
  3813 | D        | Killed Erolcha
  3846 | D        | Noticed Rupert
  3864 | D        | Killed Rupert
  3974 | D        | Noticed a stone giant
  3987 | D        | Noticed a tentacled monstrosity
  3995 | D        | Killed a stone giant
  4003 | D        | Killed a tentacled monstrosity
  4003 | D        | Reached skill level 22 in Maces & Flails
  4006 | D        | Noticed a brown very ugly thing
  4029 | D        | Killed a brown very ugly thing
  4041 | D        | Noticed an iron dragon
  4045 | D        | Killed from afar by a deep troll earth mage

Skill      XL: |  1  2  3  4  5  6  7  8  9 10 11 12 13 14 |
---------------+-------------------------------------------+-----
Fighting       | 4 5 8 9 10 11 12 14 15 17 18 | 18.1
Maces & Flails | 4 5 6 10 12 14 15 17 19 21 22 | 22.2
Armour         | 4 5 8 9 10 11 12 14 15 17 18 | 18.0
Shields        | 4 5 8 9 10 11 12 14 15 17 18 | 18.1
Invocations    | 4 8 10 13 14 | 14.5

Action                   |  1- 3 |  4- 6 |  7- 9 | 10-12 | 13-15 || total
-------------------------+-------+-------+-------+-------+-------++-------
Melee: Flail             |    31 |     7 |       |       |       ||    38
       Morningstar       |       |    12 |    70 |   409 |   360 ||   851
Invok: Divine Shield     |       |       |       |     3 |     2 ||     5
       Summon Divine War |       |       |       |       |     3 ||     3
Evoke: Wand              |       |       |       |       |     3 ||     3
  Use: Potion            |     1 |       |     2 |     3 |     3 ||     9
       Scroll            |       |       |       |     3 |       ||     3
  Eat: Chunk             |       |       |       |     3 |     4 ||     7
       Ration            |       |       |       |       |     2 ||     2
Armor: Scale mail        |    11 |     5 |       |       |       ||    16
       Plate armour      |       |     6 |    27 |   115 |       ||   148
       Shadow dragon sca |       |       |       |    33 |   168 ||   201
Dodge: Dodged            |     4 |     5 |     9 |    53 |    70 ||   141
Block: Shield            |    13 |     8 |    25 |   171 |   241 ||   458
